 Dungeon Crawl Stone Soup version 0.29.1-15-g9cfb28693d (webtiles) character file.

Game seed: 17507375017649596374

3012 promet the Magician (level 9, -2/102 HPs)
             Began as a Green Draconian Fire Elementalist on Feb 20, 2023.
             Was an Initiate of Sif Muna.
             Slain by a vampire (7 damage)
             ... on level 8 of the Dungeon on Feb 21, 2023.
             The game lasted 01:10:47 (12238 turns).

promet the Magician (DrFE)                         Turns: 12238, Time: 01:10:48

Health: -2/102     AC: 16    Str: 16    XL:     9   Next: 55%
Magic:  0/17       EV: 12    Int: 18    God:    Sif Muna [......]
Gold:   408        SH:  0    Dex: 10    Spells: 5/22 levels left

rFire   . . .      SeeInvis .   a - +0 great mace
rCold   . . .      Faith    .   (shield currently unavailable)
rNeg    . . .      Spirit   +   (body armour unavailable)
rPois   +          Reflect  .   (helmet restricted)
rElec   .          Harm     .   s - +2 cloak
rCorr   .          Rampage  .   C - +1 pair of gloves
Will    .....                   (no boots)
Stlth   ..........              h - amulet of guardian spirit
HPRegen 0.27/turn               j - +4 ring of protection
MPRegen 0.15/turn               l - +4 ring of slaying

@: berserking (expiring), very quick
A: breathe noxious fumes, AC +7, unfitting armour, poison resistance,
cold-blooded, hooves 1, low MP 1, strong 1
a: Breathe Noxious Fumes, Renounce Religion


You were on level 8 of the Dungeon.
You worshipped Sif Muna.
Sif Muna was noncommittal.
You visited 2 branches of the dungeon, and saw 9 of its levels.

You collected 408 gold pieces.

Inventory:

Hand Weapons
 a - a +0 great mace (weapon)
 b - a +0 shortbow
 d - a +0 sling
 f - a +0 mace
 m - a +0 spear
 o - a +0 long sword
 r - a +0 quarterstaff
 x - a +0 flail of draining
 A - a +3 mace
 B - a +2 whip of freezing
 E - a +0 rapier of venom
Missiles
 i - 33 stones
 p - 2 boomerangs
Armour
 s - a +2 cloak (worn)
 C - a +1 pair of gloves (worn)
Jewellery
 h - an amulet of guardian spirit (around neck)
 j - a +4 ring of protection (left hand)
 l - a +4 ring of slaying (right hand)
 t - a ring of protection from fire
 w - a +4 ring of protection
Wands
 c - a wand of roots (15)
 z - a wand of mindburst (8)
 G - a wand of flame (10)
Scrolls
 k - a scroll of magic mapping
 q - a scroll of amnesia
 y - a scroll of enchant armour
Potions
 e - a potion of resistance
 g - 4 potions of curing
 n - a potion of brilliance
 u - 2 potions of attraction
 D - a potion of flight
 F - 2 potions of berserk rage


   Skills:
 + Level 2.6 Fighting
 + Level 2.6 Short Blades
 * Level 1.9 Maces & Flails
 + Level 0.2 Polearms
 + Level 3.5 Dodging
 + Level 3.6 Stealth
 + Level 0.1 Unarmed Combat
 + Level 7.2 Spellcasting
 + Level 4.1 Conjurations
 + Level 2.9 Summonings
 + Level 6.4 Fire Magic
 + Level 2.2 Air Magic
 + Level 3.1 Poison Magic


You had 5 spell levels left.
You knew the following spells:

 Your Spells              Type           Power      Damage    Failure   Level
a - Foxfire               Conj/Fire      100%       2x1d9     1%          1
b - Scorch                Fire           58%        2d7       1%          2
c - Sting                 Tmut/Pois      48%        1d5       5%          1
d - Conjure Flame         Conj/Fire      25%        6-21      3%          3
e - Call Imp              Summ           17%        N/A       4%          2
f - Poisonous Vapours     Pois/Air       32%        N/A       5%          2
g - Flame Wave            Conj/Fire      25%        2d8       12%         4
h - Blink                 Tloc           12%        N/A       16%         2

Your spell library contained the following spells:

 Spells                   Type           Power      Damage    Failure   Level
 Magic Dart               Conj           84%        1d7       1%          1
 Inner Flame              Hex/Fire       18%        N/A       9%          3
 Mephitic Cloud           Conj/Pois/Air  17%        N/A       9%          3
 Call Canine Familiar     Summ           17%        N/A       10%         3
 Sublimation of Blood     Necr           6%         N/A       16%         2
 Olgreb's Toxic Radiance  Pois           17%        N/A       28%         4
 Lesser Beckoning         Tloc           6%         N/A       30%         3
 Ozocubu's Armour         Ice            6%         N/A       32%         3
 Portal Projectile        Hex/Tloc       12%        N/A       32%         3
 Tukima's Dance           Hex            6%         N/A       32%         3
 Leda's Liquefaction      Hex/Erth       3%         N/A       71%         4
 Passage of Golubria      Tloc           6%         N/A       71%         4
 Petrify                  Tmut/Erth      6%         N/A       71%         4
 Irradiate                Conj/Tmut      6%         3d13      77%         5
 Manifold Assault         Tloc           6%         N/A       96%         5
 Yara's Violent Unravell  Hex/Tmut       3%         3d4       96%         5
 Dispersal                Tloc           3%         N/A       100%        6
 Ozocubu's Refrigeration  Ice            3%         4d8       100%        7
 Disjunction              Tloc           3%         N/A       100%        8


Dungeon Overview and Level Annotations

Branches:
Dungeon (8/15)             Temple (1/1) D:6
   Lair: D:8-11

Altars:
Dithmenos
Elyvilon
Fedhas
Kikubaaqudgha
Makhleb
Qazlal
Ru
Sif Muna
Trog
Uskayaw
Vehumet
Xom
The Shining One

Annotations:
D:7 1 runed translucent door, Hrothgar's ghost, novice HOFE


Innate Abilities, Weirdness & Mutations

You can breathe blasts of noxious fumes.
Your lurid green scales are hard. (AC +7)
You cannot fit into any form of body armour.
Your system is resistant to poisons. (rPois)
You are cold-blooded and may be slowed by cold attacks.
You have large cloven feet.
Your magical capacity is low. (-10% MP)
Your muscles are strong. (Str +4, Int/Dex -1)


Message History

You bludgeon the bullfrog!!
You kill the bullfrog!
Sif Muna accepts your kill. Something hits you but does no damage.
Something bites you but does no damage.
Your iron imp barely misses something.
You bludgeon the orc!!
You kill the orc!
Sif Muna accepts your kill.
You hear some strange, mumbled words.
You are more confused.
Something hits you.
* * * LOW HITPOINT WARNING * * *
Something bites you.
* * * LOW HITPOINT WARNING * * *
Something draws strength from your injuries!
You barely miss something. You tail-slap something!
Your iron imp closely misses something.
Something hits you.
* * * LOW HITPOINT WARNING * * *
Something bites you but does no damage.
You closely miss something.
Your iron imp hits something.
You hear some strange, mumbled words.
Something tries to affect you, but you resist.
You sock something!
Your iron imp hits something but does no damage.
Something hits you.
* * * LOW HITPOINT WARNING * * *
Something bites you.
* * * LOW HITPOINT WARNING * * *
Something draws strength from your injuries!
You completely miss something.
The bullfrog croaks.
Your iron imp barely misses something.
Something draws life force from you!
* * * LOW HITPOINT WARNING * * *
You are too berserk!
Unknown command.
You are too berserk!
You closely miss something.
You feel less confused. Something hits you!
You die...

#####.###
#@{)....#
#)#5....#
#.#.###.#
######.#.#
..#.....F..###.
........<......
..#...........?#
##............
#.......#.#.##


You could see a bullfrog and a friendly iron imp (summoned).

Vanquished Creatures
  Pikel (D:6)
  Duvessa (D:7)
  A water moccasin (D:7)
  2 black bears
  An ice beast (D:5)
  2 ogres
  A centaur (D:7)
  A phantom (D:6)
  4 bullfrogs
  A necrophage (D:3)
  3 scorpions
  Dowan (D:7)
  5 killer bees (D:7)
  2 howler monkeys
  2 hounds (D:5)
  2 orc priests
  A gnoll bouda (D:7)
  A jelly (D:6)
  3 iguanas
  Natasha (thrice) (D:2)
  2 orc wizards
  6 gnolls
  4 adders (D:6)
  2 shadow imps (D:5)
  A white imp (D:7)
  4 worms
  3 dart slugs
  9 orcs
  6 bats
  4 endoplasms
  4 giant cockroaches
  3 goblins
  2 hobgoblins
  3 jackals
  4 quokkas
  7 ball pythons
  2 frilled lizards (D:1)
  5 kobolds
  6 rats
115 creatures vanquished.

Vanquished Creatures (collateral kills)
  Eustachio (D:4)
  2 ogres
  An orc wizard (D:8)
  4 gnolls
  An adder (D:6)
9 creatures vanquished.

Vanquished Creatures (others)
  A ball python (D:2)
  A hobgoblin (D:2)
  219 foxfires
  2 fungi (D:1)
  A plant (D:1)
224 creatures vanquished.

Grand Total: 348 creatures vanquished

Notes
Turn   | Place    | Note
-------+----------+-------------------------------------------
     0 | D:1      | promet the Draconian Fire Elementalist began the quest for
                  | the Orb.
     0 | D:1      | Reached XP level 1. HP: 14/14 MP: 3/3
   550 | D:1      | Reached XP level 2. HP: 20/20 MP: 3/5
  1012 | D:1      | Learned a level 2 spell: Scorch
  1036 | D:1      | Learned a level 1 spell: Sting
  1047 | D:1      | Found a faded altar of an unknown god.
  1352 | D:1      | Reached XP level 3. HP: 26/26 MP: 4/6
  1844 | D:2      | Noticed Natasha
  1852 | D:2      | Killed Natasha
  1909 | D:2      | Noticed Natasha
  1916 | D:2      | Killed Natasha
  1917 | D:2      | Reached XP level 4. HP: 19/33 MP: 3/7
  1937 | D:2      | Noticed Natasha
  2725 | D:2      | Killed Natasha
  3274 | D:3      | Found a radiant altar of Vehumet.
  3370 | D:3      | Reached XP level 5. HP: 38/38 MP: 4/9
  3826 | D:3      | Reached skill level 3 in Spellcasting
  4245 | D:4      | Learned a level 3 spell: Conjure Flame
  4248 | D:4      | Learned a level 2 spell: Call Imp
  4375 | D:4      | Found a white marble altar of Elyvilon.
  4411 | D:4      | Noticed an ogre
  4571 | D:4      | Noticed Eustachio
  4927 | D:4      | You fall into a shaft and drop 3 floors!
  5007 | D:7      | Noticed an ogre
  5047 | D:6      | Noticed a lemure
  5047 | D:6      | Noticed a lemure
  5048 | D:6      | Noticed a lemure
  5050 | D:6      | Found a stormy altar of Qazlal.
  5078 | D:6      | Noticed Pikel
  5079 | D:6      | Noticed a lemure
  5088 | D:5      | Entered Level 5 of the Dungeon
  5099 | D:5      | Noticed an ogre
  5187 | D:3      | Reached XP level 6. HP: 30/46 MP: 2/11
  5422 | D:4      | Killed Eustachio
  5423 | D:4      | Reached skill level 1 in Maces & Flails
  5630 | D:4      | Learned a level 2 spell: Poisonous Vapours
  5871 | D:4      | Reached skill level 1 in Summonings
  5871 | D:4      | Reached skill level 5 in Fire Magic
  5871 | D:4      | Your scales start taking on a lurid green colour.
  5871 | D:4      | Reached XP level 7. HP: 51/51 MP: 6/12
  5871 | D:4      | Gained mutation: Your system is resistant to poisons.
                  | (rPois) [Green Draconian growth]
  6076 | D:5      | Reached skill level 4 in Spellcasting
  6382 | D:5      | Found a shimmering altar of Xom.
  6827 | D:5      | Reached skill level 1 in Poison Magic
  7026 | D:5      | Reached skill level 1 in Air Magic
  7074 | D:5      | Reached XP level 8. HP: 58/58 MP: 9/15
  7441 | D:5      | Reached skill level 1 in Fighting
  7441 | D:5      | Reached skill level 1 in Short Blades
  7486 | D:6      | Found a shadowy altar of Dithmenos.
  7627 | D:6      | Reached skill level 5 in Spellcasting
  8594 | D:6      | Found a glowing golden altar of the Shining One.
  8612 | D:6      | Killed Pikel
  8613 | D:6      | Reached skill level 6 in Spellcasting
  8613 | D:6      | Reached XP level 9. HP: 18/67 MP: 3/18
  8967 | D:6      | Found a staircase to the Ecumenical Temple.
  9508 | D:7      | Gained mutation: Your magical capacity is low. (-10% MP)
                  | [potion of mutation]
  9508 | D:7      | Gained mutation: Your muscles are strong. (Str +4, Int/Dex
                  | -1) [potion of mutation]
  9508 | D:7      | Gained mutation: You have large cloven feet. [potion of
                  | mutation]
  9960 | D:7      | Identified the +8 dagger of the Piercing Gods {speed, rPois
                  | rF- rC+ Str+8}
 10089 | D:7      | Found a runed translucent door.
 10093 | D:7      | Noticed Hrothgar's ghost (novice HOFE)
 10110 | D:7      | Noticed Duvessa
 10110 | D:7      | Noticed Dowan
 10544 | D:7      | Upgraded the game from 0.29.1-14-g9c671dbff4 to
                  | 0.29.1-15-g9cfb28693d
 10972 | D:7      | Reached skill level 7 in Spellcasting
 11006 | D:7      | Killed Dowan
 11224 | D:6      | Learned a level 4 spell: Flame Wave
 11227 | D:6      | Learned a level 2 spell: Blink
 11448 | D:7      | Killed Duvessa
 11710 | Temple   | Entered the Ecumenical Temple
 11754 | Temple   | Became a worshipper of Sif Muna the Loreminder
 12237 | D:8      | HP: 5/102 [something (9)]
 12238 | D:8      | Slain by a vampire

Illustrated notes

Levels and vault maps discovered:
D:1:      minmay_arrival_widening_spiral_wide, layout_loops_cross,
          shapermc_ecumenical_altar_hornbeckon, chequers_garden
D:2:      layout_basic, chequers_serial_rivers_large_b, minmay_statues_item,
          lemuel_flame_loot_1, uniq_natasha
D:3:      layout_loops_ring, lemuel_crystal_altar, minmay_diced_spiral
D:4:      layout_cave_pools, nicolae_overflow_crystal_walls, uniq_eustachio
D:5:      minmay_spotlight, layout_basic, brannock_xom_greatest_gift
D:6:      layout_cave_pools, mainiacjoe_overflow_tiny_flanked,
          mainiacjoe_overflow_catwalk, nicolae_qazlal_general_emergency,
          minmay_temple_entry_mini_moons, uniq_pikel
D:7:      layout_loops_ring, ebering_ghost_reflecting_pool,
          kennysheep_minor_cross, uniq_duvessa
D:8:      layout_loops_cross, general_overflow_altar,
          nicolae_straight_to_the_point
Temple:   jpeg_temple_clearing

Skill      XL: |  1  2  3  4  5  6  7  8  9 |
---------------+----------------------------+-----
Stealth        | 2 3 |  3.6
Dodging        | 2 3 |  3.5
Conjurations   | 2 3 4 |  4.1
Fire Magic     | 4 5 6 |  6.4
Spellcasting   | 3 4 6 7 |  7.2
Maces & Flails | 1 |  1.9
Summonings     | 1 2 |  2.9
Poison Magic   | 1 2 3 |  3.1
Air Magic      | 1 2 |  2.2
Fighting       | 1 2 |  2.6
Short Blades   | 2 |  2.6
Polearms       | |  0.2
Unarmed Combat | |  0.1

Action                   |  1- 3 |  4- 6 |  7- 9 || total
-------------------------+-------+-------+-------++-------
Melee: Unarmed           |    19 |       |       ||    19
       Tailslap          |     3 |     6 |    17 ||    26
       Punch             |     1 |       |     1 ||     2
       Mace              |       |    23 |       ||    23
       Rapier            |       |       |    85 ||    85
       Spear             |       |       |     2 ||     2
       Great mace        |       |       |    23 ||    23
       Kick              |       |       |     8 ||     8
 Fire: Sling             |       |     1 |     2 ||     3
       Shortbow          |       |       |     8 ||     8
Throw: Stone             |       |       |     1 ||     1
 Cast: Foxfire           |    46 |    60 |    26 ||   132
       Scorch            |     1 |     7 |    40 ||    48
       Call Imp          |       |     4 |    26 ||    30
       Conjure Flame     |       |     1 |    10 ||    11
       Poisonous Vapours |       |     3 |    38 ||    41
       Sting             |       |       |     1 ||     1
       Blink             |       |       |     2 ||     2
Evoke: Wand              |       |     1 |       ||     1
  Use: Scroll            |       |    12 |    12 ||    24
       Potion            |       |     1 |     8 ||     9
 Stab: Sleeping          |     1 |       |       ||     1
       Distracted        |       |       |     2 ||     2
Armor: Skin              |    11 |    41 |   116 ||   168
Dodge: Dodged            |    20 |    53 |   106 ||   179
